Map: Alcyone LE

Players

Nishishi - Winner!

  • Race: Protoss Protoss
  • League: Diamond
  • Spawn Location: 1:00

Тернопіль

  • Race: Terran Terran
  • League: Master
  • Spawn Location: 7:00

VOD

Have the link to the VOD?

Description

Time

  • Played on: Aug. 5, 2024, 2:16 p.m.
  • Length: 7:32
Show
View Real Time Build Order
Export as new Build Order

Nishishi Protoss - Winner!

Build Orders: Blink Stalkers 

Get SALT Encoding   

  12  0:00  Probe  
  13  0:12  Probe  
  14  0:18  Pylon  
  14  0:24  Probe  
  15  0:37  Probe (Chrono Boost)  
  15  0:38  Gateway  
  16  0:47  Assimilator  
  16  0:48  Probe (Chrono Boost)  
  17  0:52  Probe (Chrono Boost)  
  18  1:03  Probe  
  19  1:15  Probe  
  20  1:28  Probe  
  20  1:31  Cybernetics Core  
  23  1:36  Pylon  
  23  1:38  Assimilator  
  21  1:51  Nexus  
  21  1:57  Probe  
  22  2:08  Adept (Chrono Boost)  
  22  2:12  Probe  
  23  2:25  Probe  
  23  2:29  Warp Gate  
  23  2:31  Stalker (Chrono Boost)  
  25  2:38  Probe  
  25  2:42  Twilight Council  
  26  2:50  Probe  
  27  2:59  Stalker (Chrono Boost)  
  28  3:07  Probe  
  28  3:08  Probe  
  31  3:20  Probe (Chrono Boost)  
  31  3:25  Stalker  
  31  3:26  Pylon  
  33  3:28  Blink (Chrono Boost)  
  33  3:29  Probe (Chrono Boost)  
  35  3:38  Probe (Chrono Boost)  
  35  3:40  Probe (Chrono Boost)  
  36  3:44  Probe (Chrono Boost)  
  36  3:45  Probe (Chrono Boost)  
  38  3:55  Probe  
  38  3:56  Probe  
  38  4:00  Shield Battery  
  39  4:05  Gateway  
  39  4:07  Probe  
  39  4:08  Probe  
  41  4:14  Robotics Facility  
  41  4:19  Probe  
  41  4:23  Probe  
  43  4:26  Stalker  
  45  4:31  Probe  
  45  4:37  Probe  
  47  4:47  Probe  
  48  4:52  Probe  
  48  4:57  Stalker  
  48  5:02  Probe  
  48  5:04  Observer (Chrono Boost)  
  48  5:08  Probe  
  48  5:11  Stalker  
  51  5:14  Probe  
  51  5:16  Charge  
  51  5:18  Observer (Chrono Boost)  
  51  5:19  Pylon  
  53  5:32  Probe  
  53  5:35  Assimilator  
  54  5:38  Pylon  
  54  5:45  Probe  
  54  5:47  Probe  
  56  5:51  Stalker x2  
  56  5:53  Immortal (Chrono Boost)  
  56  5:55  Pylon  
  64  5:57  Probe, Observer  
  64  5:59  Probe  
  64  6:02  Pylon  
  66  6:07  Assimilator  
  66  6:19  Probe x2, Nexus  
  68  6:27  Zealot  
  68  6:29  Shield Battery  
  68  6:31  Probe  
  71  6:35  Probe  
  71  6:39  Forge  
  72  6:42  Robotics Bay, Observer  
  72  6:43  Probe  
  73  6:50  Stalker x2  
  73  6:52  Probe  
  78  7:00  Observer  
  78  7:04  Probe x2  
  78  7:17  Zealot x2  
Show
View Real Time Build Order
Export as new Build Order

Тернопіль Terran 

Build Orders:  

Get SALT Encoding   

  12  0:00  SCV  
  13  0:12  SCV  
  14  0:18  Supply Depot  
  14  0:24  SCV  
  15  0:40  SCV  
  16  0:43  Barracks  
  16  0:45  Refinery  
  16  0:52  SCV  
  16  0:54  Refinery  
  17  1:04  SCV  
  18  1:16  SCV  
  19  1:31  Orbital Command, Reaper  
  20  1:42  Supply Depot  
  20  1:49  Factory  
  20  1:56  SCV  
  21  2:03  Reaper  
  22  2:09  SCV  
  23  2:23  SCV  
  24  2:34  Widow Mine  
  26  2:38  Command Center  
  26  2:39  SCV  
  27  2:47  Starport  
  27  2:48  Supply Depot  
  27  2:53  SCV  
  27  2:55  Widow Mine  
  30  3:05  SCV  
  31  3:11  Supply Depot  
  31  3:16  Widow Mine  
  31  3:17  SCV  
  34  3:24  Medivac  
  36  3:27  Barracks  
  37  3:41  SCV  
  37  3:43  Factory Tech Lab  
  37  3:51  Orbital Command  
  37  3:52  Barracks Reactor  
  37  4:03  Siege Tank, Starport Tech Lab  
  37  4:06  Engineering Bay  
  37  4:09  SCV  
  41  4:15  Barracks Tech Lab  
  41  4:16  Orbital Command  
  41  4:20  Barracks  
  41  4:21  SCV  
  41  4:22  Raven  
  41  4:23  Interference Matrix  
  44  4:29  Marine  
  44  4:31  Marine  
  45  4:33  SCV  
  45  4:36  Terran Infantry Weapons Level 1  
  48  4:45  SCV  
  48  4:48  Stimpack, Marine  
  48  4:49  SCV  
  50  4:53  Marine  
  50  4:54  Marine  
  52  5:05  Refinery, Supply Depot  
  52  5:06  Marine  
  52  5:07  Refinery  
  53  5:09  Barracks Tech Lab  
  53  5:12  Siege Tank  
  53  5:13  SCV  
  57  5:15  SCV  
  57  5:21  Marine  
  59  5:26  Supply Depot, SCV  
  59  5:27  SCV  
  61  5:31  Marine x3  
  61  5:33  Starport Reactor  
  61  5:35  Supply Depot  
  64  5:38  SCV  
  64  5:39  SCV  
  64  5:40  Combat Shield  
  64  5:41  Marine  
  67  5:49  Supply Depot  
  67  5:50  SCV  
  67  5:51  Siege Tank, SCV  
  67  5:56  Marauder  
  74  6:01  Supply Depot  
  74  6:02  SCV  
  74  6:03  Marine, SCV  
  77  6:08  Marauder  
  77  6:10  Medivac  
  81  6:11  Medivac  
  81  6:14  SCV  
  81  6:15  SCV  
  81  6:16  Marine  
  86  6:19  Marine  
  87  6:26  SCV  
  87  6:27  SCV  
  87  6:28  Siege Tank, Marine x2, Concussive Shells  
  94  6:34  Marine  
  94  6:35  Supply Depot  
  94  6:38  SCV  
  96  6:41  SCV  
  96  6:44  Marine  
  96  6:46  Supply Depot  
  99  6:47  Marauder  
  99  6:53  Marine x2  
  100  7:02  Marauder  
  100  7:08  Barracks x2, Marine  
  103  7:10  Armory  
  103  7:11  Marine x2  
  103  7:15  Supply Depot  
Tags
 
Composition
Blink Stalkers
Matchup
PvT
Spawn Locations
Cross Positions
Add a new tag
Caveats
  • Supply blocks, unpowered buildings, or Contaminate may cause inaccurate times.
  • Supply counts are checked every 10 seconds.